 Dungeon Crawl Stone Soup version 0.30.0-19-g36f170ea60 (webtiles) character file.

Game seed: 2533732520105945066

28062 Graphine the Unseen (level 13, -9/84 HPs)
             Began as a Kobold Brigand on May 29, 2023.
             Was an Elder of Dithmenos.
             Mangled by a sun demon (21 damage)
             ... summoned by an orc sorcerer
             ... on level 2 of the Orcish Mines.
             The game lasted 01:09:23 (11758 turns).

Graphine the Unseen (Kobold Brigand)               Turns: 11758, Time: 01:09:23

Health: -9/84      AC: 16    Str:  9    XL:     13   Next: 70%
Magic:  17/17      EV: 32    Int: 12    God:    Dithmenos [****..]
Gold:   1173       SH:  0    Dex: 36    Spells: 10/12 levels left

rFire   . . .        J - +11 dagger of Imirphuak {protect, Will++ Dex+3}
rCold   . . .        (no shield)
rNeg    . . .        h - +2 robe {Will+}
rPois   .            p - +0 helmet
rElec   .            c - +1 cloak
rCorr   .            j - +0 pair of gloves
SInv    .            u - +0 pair of boots
Will    +++..        z - amulet of regeneration Stlth ****++++++
                     q - +6 ring of dexterity
HPRegen 1.14/turn    D - +6 ring of dexterity
MPRegen 0.15/turn

%: clarity
@: marked, under a protective aura, flying, wreathed by umbra, invisible
A: small, no large weapons, nightstalker 3, clarity
a: Renounce Religion, Shadow Step


You were on level 2 of the Orcish Mines.
You worshipped Dithmenos.
Dithmenos was greatly pleased with you.
You visited 3 branches of the dungeon, and saw 12 of its levels.
You also visited: Bailey.

You collected 1173 gold pieces.

Inventory:

Hand Weapons
 a - a +3 dagger
 s - a +0 dagger of venom
 C - a +1 dagger of pain
 F - a +5 short sword
 I - a +0 rapier
 J - the +11 dagger of Imirphuak (weapon) {protect, Will++ Dex+3}
   (You found it on level 9 of the Dungeon)

   Dex:       It affects your dexterity (+3).
   Will:      It greatly increases your willpower.
Missiles
 d - 11 poisoned darts
 e - a curare-tipped dart
 g - 12 stones
 E - 15 boomerangs (quivered)
Armour
 b - a +0 robe
 c - a +1 cloak (worn)
 h - a +2 robe of willpower (worn)
 j - a +0 pair of gloves (worn)
 p - a +0 helmet (worn)
 u - a +0 pair of boots (worn)
 G - +0 steam dragon scales
Jewellery
 q - a +6 ring of dexterity (left hand)
 t - a +6 ring of dexterity
 z - an amulet of regeneration (around neck)
 A - a +5 ring of evasion
 D - a +6 ring of dexterity (right hand)
Wands
 o - a wand of roots (7)
 y - a wand of polymorph (5)
 Q - a wand of paralysis (3)
Scrolls
 i - a scroll of enchant armour
 k - 2 scrolls of teleportation
 l - 5 scrolls of noise
 m - 3 scrolls of magic mapping
 R - a scroll of poison
Potions
 f - 4 potions of curing
 n - 2 potions of cancellation {unknown}
 v - a potion of lignification
 w - 2 potions of magic
 x - a potion of mutation {unknown}
 B - 3 potions of attraction {unknown}
 H - a potion of might {unknown}
 K - 2 potions of brilliance {unknown}
Miscellaneous
 O - a piece from Xom's chessboard (15/15)


   Skills:
 * Level 10.9 Fighting
 - Level 13.0 Short Blades
 - Level 6.1 Throwing
 * Level 11.7 Dodging
 * Level 17.4 Stealth
 - Level 6.0 Invocations


You had 10 spell levels left.
You knew the following spells:

 Your Spells              Type           Power      Damage    Failure   Level
a - Passwall              Tmut/Erth      0%         N/A       45%         2

Your spell library contained the following spells:

 Spells                   Type           Power      Damage    Failure   Level
 Foxfire                  Conj/Fire      0%         2x1d4     32%         1
 Sandblast                Erth           0%         2d4       32%         1
 Cigotuvi's Dreadful Rot  Necr/Pois/Air  0%         N/A       45%         2
 Ensorcelled Hibernation  Hex/Ice        0%         N/A       45%         2
 Ignite Poison            Fire/Tmut/Pois 0%         N/A       69%         3
 Stone Arrow              Conj/Erth      0%         3d7       69%         3
 Swiftness                Air            0%         N/A       69%         3
 Fireball                 Conj/Fire      0%         3d3       100%        5
 Freezing Cloud           Conj/Ice/Air   0%         6-21      100%        5
 Plasma Beam              Fire/Air       0%         2x1d11    100%        6
 Starburst                Conj/Fire      0%         6d3       100%        6


Dungeon Overview and Level Annotations

Branches:
Dungeon (9/15)             Temple (1/1) D:7            Lair (0/5) D:9
    Orc (2/2) D:9             Elf (0/3) Orc:2        Bailey (visited)

Altars:
Ashenzari
Dithmenos
Fedhas
Hepliaklqana
Sif Muna
Vehumet
Xom
Zin
The Shining One

Shops:
D:4 [   D:5 :   D:7 =   D:8 :   Orc:2 (


Innate Abilities, Weirdness & Mutations

You are small and have problems with some larger weapons.
You are completely attuned to the shadows.
You possess an exceptional clarity of mind.


Message History

The orc sorcerer mumbles some strange words.
You barely miss the ogre.
The ogre is heavily wounded.
You hit the ogre.
The ogre is severely wounded.
Your shadow hits the ogre with a dagger.
The orc sorcerer points at you and mumbles some strange words.
The bolt of fire hits something!!
Reactivating autopickup.
You feel a bit more experienced. The bolt of fire misses you.
The ogre completely misses you.
You hit the ogre.
The ogre is almost dead.
You puncture the ogre!
You kill the ogre!
Dithmenos accepts your kill.
An orc wizard comes into view. It is wielding a +0 dagger.
Okay, then.
You feel very buoyant.
You fly up into the air.
The sun demon hits you!
You are engulfed in flames!
* * * LOW HITPOINT WARNING * * *
The neqoxec attacks as you move away! The neqoxec hits you!
* * * LOW HITPOINT WARNING * * *
The orc sorcerer points at you and mumbles some strange words.
The bolt of fire misses the sun demon.
The bolt of fire misses you. The orc wizard casts a spell at you.
The puff of flame hits you.
* * * LOW HITPOINT WARNING * * *
The orc sorcerer casts a spell at you.
The bolt of fire hits the sun demon.
The sun demon completely resists.
The bolt of fire misses you.
An orc wizard comes into view. It is wielding a +0 dagger.
The sun demon completely misses you. The neqoxec gestures at you.
Strange energies course through your body.
Your thoughts seem clearer.
Okay, then.
You fade into invisibility!
The sun demon hits you!!
You die...

##.# #. ### ## # ###
#### #####§≈≈§§##
#≈§≈##§§≈≈§≈≈§≈≈≈§
≈...##@..≈§≈§§≈≈§
###8.o3.o..§§≈.8###
#_..(o#38o..§.....###
#....4'....o.....§..#
8.....#..≈≈≈§))≈≈§..##
......#####≈§.#####.∩#
......# #§...≈≈≈..##
#≈.)......# ≈
#≈......###≈ #


You could see a sun demon (summoned, unable to see you), an orange demon
(summoned, unable to see you), a neqoxec (summoned, unable to see you), 2 orc
sorcerers and 3 orc wizards.

Vanquished Creatures
  An orc warlord (Bailey)
  Josephine (Orc:1)
  A centaur warrior (D:8)
  2 ogre magi (Orc:2)
  A two-headed ogre (D:9)
  An orc high priest (Orc:1)
  The ghost of glacial86 the Firebug, a novice DrAr of Qazlal (D:8)
  Pikel (D:9)
  2 orc knights
  4 orc sorcerers (Orc:2)
  A hornet (D:8)
  3 trolls
  Prince Ribbit (D:9)
  4 yaks (D:9)
  5 wraiths (Orc:1)
  Eustachio (D:6)
  3 steam dragons
  A warg (Orc:2)
  Menkaure (D:6)
  An acid dragon (D:9)
  A swamp drake (D:9)
  4 water moccasins
  A sky beast (D:6)
  24 orc warriors
  4 black bears
  8 ogres
  2 centaurs
  A phantom (D:6)
  A kobold brigand (D:8)
  9 bullfrogs
  A gnoll sergeant (D:7)
  5 scorpions
  7 wights (D:8)
  15 killer bees
  A howler monkey (D:4)
  A jelly (D:4)
  10 orc priests
  3 hounds
  4 gnoll boudas
  6 iguanas
  24 orc wizards
  30 gnolls
  8 adders
  2 shadow imps
  2 ufetubi
  3 worms (D:3)
  5 dart slugs
  70 orcs
  12 ball pythons
  7 endoplasms
  2 giant cockroaches
  21 goblins
  15 hobgoblins
  5 jackals (D:3)
  6 quokkas
  7 bats
  A frilled lizard (D:3)
  12 kobolds
  4 rats
380 creatures vanquished.

Vanquished Creatures (others)
  A wight (D:8)
  2 orc wizards (Orc:2)
  An orc (Orc:2)
4 creatures vanquished.

Grand Total: 384 creatures vanquished

Notes
Turn   | Place    | Note
-------+----------+-------------------------------------------
     0 | D:1      | Graphine the Kobold Brigand began the quest for the Orb.
     0 | D:1      | Reached XP level 1. HP: 12/12 MP: 1/1
   224 | D:1      | Reached XP level 2. HP: 17/17 MP: 2/2
   657 | D:1      | Reached XP level 3. HP: 22/22 MP: 3/3
  1143 | D:2      | Found a hazy altar of Hepliaklqana.
  1354 | D:2      | Reached skill level 6 in Stealth
  1354 | D:2      | Reached XP level 4. HP: 27/27 MP: 4/4
  1533 | D:2      | You fall into a shaft and drop 1 floor!
  1663 | D:2      | Found a faded altar of an unknown god.
  2186 | D:3      | Reached XP level 5. HP: 32/32 MP: 5/5
  2772 | D:3      | Reached skill level 7 in Stealth
  2818 | D:3      | Reached XP level 6. HP: 37/37 MP: 6/6
  3200 | D:4      | Reached skill level 5 in Short Blades
  3342 | D:4      | Found a broken altar of Ashenzari.
  3547 | D:4      | Found Aweif's Armour Shoppe.
  3685 | D:4      | Reached XP level 7. HP: 41/41 MP: 7/7
  3855 | D:4      | Reached skill level 8 in Stealth
  4319 | D:4      | Learned a level 2 spell: Passwall
  4320 | D:5      | Entered Level 5 of the Dungeon
  4482 | D:5      | Found Xudid's Tremendous Tomes.
  4984 | D:5      | Reached XP level 8. HP: 48/48 MP: 8/8
  5438 | D:5      | Found a blossoming altar of Fedhas.
  5458 | D:5      | Reached skill level 9 in Stealth
  5483 | D:6      | Noticed Menkaure
  5487 | D:6      | Killed Menkaure
  5960 | D:6      | Found a shimmering blue altar of Sif Muna.
  5985 | D:6      | Noticed Eustachio
  5989 | D:6      | Killed Eustachio
  5990 | D:6      | Reached skill level 5 in Fighting
  5990 | D:6      | Reached skill level 10 in Stealth
  6106 | D:6      | Reached skill level 5 in Dodging
  6117 | D:6      | Reached XP level 9. HP: 48/54 MP: 9/9
  6417 | D:6      | Found a shimmering altar of Xom.
  6461 | D:7      | Found a staircase to the Ecumenical Temple.
  6545 | Temple   | Entered the Ecumenical Temple
  6552 | Temple   | Became a worshipper of Dithmenos the Shadowed
  6591 | D:7      | Found Ywevoic's Jewellery Shop.
  6771 | D:7      | Reached skill level 11 in Stealth
  6982 | D:7      | Found a glowing silver altar of Zin.
  7554 | D:8      | Reached skill level 10 in Short Blades
  7595 | D:8      | Found a runed translucent door.
  7595 | D:8      | Noticed glacial86's ghost (novice DrAr)
  7616 | D:8      | Reached XP level 10. HP: 31/60 MP: 10/10
  7630 | D:8      | Reached skill level 12 in Stealth
  7871 | D:8      | Noticed a centaur warrior
  7895 | D:8      | Killed a centaur warrior
  7896 | D:8      | Reached * piety under Dithmenos
  7913 | D:8      | Reached skill level 13 in Stealth
  8074 | D:8      | Found Jonnups's Book Shoppe.
  8120 | D:8      | Found a glowing golden altar of the Shining One.
  8658 | D:8      | Paralysed by a hornet for 2 turns
  8872 | D:8      | Killed glacial86's ghost
  8914 | D:9      | Noticed Pikel
  8916 | D:9      | Killed Pikel
  8917 | D:9      | Reached XP level 11. HP: 67/67 MP: 11/11
  8931 | D:9      | Noticed Prince Ribbit
  8941 | D:9      | Killed Prince Ribbit
  8942 | D:9      | Reached skill level 14 in Stealth
  8956 | D:9      | Reached ** piety under Dithmenos
  9031 | D:9      | Identified the +11 dagger of Imirphuak {protect, Will++
                  | Dex+3}
  9091 | D:9      | Found a staircase to the Lair.
  9345 | D:9      | Noticed a two-headed ogre
  9513 | D:9      | Killed a two-headed ogre
  9514 | D:9      | Reached skill level 1 in Invocations
  9553 | D:9      | Found a flagged portal.
  9561 | Bailey   | Entered a bailey
  9646 | Bailey   | Noticed an orc knight
  9651 | Bailey   | Killed an orc knight
  9682 | Bailey   | Reached skill level 15 in Stealth
  9685 | Bailey   | Reached *** piety under Dithmenos
  9889 | Bailey   | Noticed an orc warlord
  9919 | Bailey   | Killed an orc warlord
  9928 | Bailey   | Identified the +0 plate armour "Asefit" {rElec rPois Regen+
                  | Str-5}
 10083 | D:9      | Found a staircase to the Orcish Mines.
 10114 | D:9      | Reached XP level 12. HP: 75/75 MP: 14/14
 10170 | D:9      | Reached **** piety under Dithmenos
 10209 | Orc:1    | Entered Level 1 of the Orcish Mines
 10228 | Orc:1    | Noticed Josephine
 10272 | Orc:1    | Killed Josephine
 10506 | Orc:2    | Entered Level 2 of the Orcish Mines
 10541 | Orc:2    | Noticed an orc high priest
 10553 | Orc:2    | Noticed a sun demon
 10561 | Orc:1    | Reached skill level 10 in Dodging
 10561 | Orc:1    | Reached skill level 16 in Stealth
 10561 | Orc:1    | Reached skill level 5 in Invocations
 10561 | Orc:1    | Reached XP level 13. HP: 82/82 MP: 14/17
 10800 | Orc:1    | Reached skill level 10 in Fighting
 11023 | Orc:2    | Found a staircase to the Elven Halls.
 11624 | Orc:2    | Reached skill level 17 in Stealth
 11689 | Orc:2    | Found Rupsir's Antique Weapon Boutique.
 11708 | Orc:2    | Noticed an ogre mage
 11723 | Orc:2    | Killed an ogre mage
 11726 | Orc:2    | Found a radiant altar of Vehumet.
 11726 | Orc:2    | Noticed an ogre mage
 11738 | Orc:2    | Killed an ogre mage
 11757 | Orc:2    | Gained mutation: You possess an exceptional clarity of
                  | mind. [a neqoxec]
 11758 | Orc:2    | Mangled by a sun demon

Illustrated notes

Levels and vault maps discovered:
D:1:      eino_arrival_cavern_b, layout_loops_corners
D:2:      layout_loops_cross, hellmonk_ecumenical_altar_pennies_from_heaven,
          basic_altar
D:3:      layout_loops_ring
D:4:      minmay_opposing_rooms, layout_gridville, cheibrodos_ashenzari_chains,
          serial_shops, shop
D:5:      layout_layer_cave, fedhas_altar_decomposition,
          nicolae_shop_i_like_big_books
D:6:      layout_basic, mainiacjoe_overflow_concentric_impassable,
          nicolae_sif_muna_condensation, kennysheep_generic_room_4,
          uniq_eustachio, uniq_menkaure
D:7:      layout_basic, old_standard_altar, minmay_temple_entry_waves,
          serial_shops, shop_fountains
D:8:      minmay_thick_lines, layout_cave_pools,
          mainiacjoe_overflow_tiny_flanked, serial_shops,
          nicolae_shop_getting_attention, gammafunk_ghost_grave
D:9:      layout_gridville, due_lair_maze_entry_diamond, erik_orc_1,
          lightli_bailey_entry_fortress, kennysheep_another_room,
          uniq_prince_ribbit1, uniq_pikel
Temple:   regret_index_temple_waves
Orc:1:    nicolae_orc_accident_1, layout_diamond_mine, nicolae_orc_lava_tube,
          uniq_josephine, uniq_harold
Orc:2:    kennysheep_orc_mage_school, layout_diamond_mine

Skill      XL: |  1  2  3  4  5  6  7  8  9 10 11 12 13 |
---------------+----------------------------------------+-----
Short Blades   | 3 4 5 6 8 10 12 13 | 13.0
Dodging        | 2 3 4 5 6 7 9 10 11 | 11.7
Stealth        | 6 7 8 10 11 13 15 16 17 | 17.4
Fighting       | 3 4 5 6 7 8 9 10 | 10.9
Invocations    | 2 5 6 |  6.0
Throwing       | 3 6 |  6.1

Action                     |  1- 3 |  4- 6 |  7- 9 | 10-12 | 13-15 || total
---------------------------+-------+-------+-------+-------+-------++-------
  Melee: Dagger            |    55 |   174 |   164 |   278 |   307 ||   978
         Punch             |       |     3 |     6 |     9 |     5 ||    23
         Rapier            |       |       |   118 |    28 |       ||   146
         Short sword       |       |       |       |   103 |       ||   103
  Throw: Dart              |    18 |    44 |    66 |    18 |     5 ||   151
         Boomerang         |       |       |       |     1 |       ||     1
   Cast: Passwall          |       |       |       |       |     1 ||     1
 Invoke: Shadow Step       |       |       |       |       |     1 ||     1
  Evoke: Wand              |       |       |       |    10 |     1 ||    11
    Use: Scroll            |     5 |     5 |     7 |     4 |       ||    21
         Potion            |       |     1 |     5 |     8 |     2 ||    16
   Stab: Sleeping          |    15 |    17 |    23 |    49 |     3 ||   107
         Distracted        |       |     2 |     4 |     7 |     2 ||    15
         Invisible         |       |       |     3 |    14 |       ||    17
         Paralysed         |       |       |       |       |     1 ||     1
 Armour: Robe              |    12 |    26 |    36 |    47 |    27 ||   148
  Dodge: Dodged            |    40 |   107 |   249 |   390 |   272 ||  1058
